AoeStats
← The Punisher

Arena

507452887Analyzed
1v1 RM · 14d ago on Sep 18, 2026· 39m 46s· 2 players
Game mode
Random Map
Map size
Tiny (2 player)
Population
200
Speed
Normal
Resources
Standard
Victory
Conquest
Starting age
Dark Age
Ending age
Imperial Age
RankedLock teamsTeams togetherTeam positionsShared explorationLock speedFull tech treeHidden civsTurbo modeCheats
Victory
Defeat
🇬🇧 Georgians · United Kingdom
397
+16
🇺🇸 Burgundians · United States
399
-16
Ivor_BigGun
9:50 Feudal Age
10:16 Double-Bit Axe
13:57 Horse Collar
20:12 Castle Age
19:02 Stone Mining
23:05 Heavy Plow
24:24 Husbandry
26:33 Bloodlines
27:33 Man-at-Arms
36:30 Imperial Age
34:18 Scale Barding Armor
35:34 Wheelbarrow
34:45 Town Watch
35:20 Forging
36:14 Bow Saw
37:20 Hand Cart
37:23 Long Swordsman
38:05 Squires
38:31 Conscription
39:31 Iron Casting
38:49 Fletching
The Punisher
14:33 Loom
14:46 Loom
14:58 Loom
15:07 Horse Collar
15:16 Double-Bit Axe
16:03 Loom
16:53 Loom
17:55 Loom
20:08 Feudal Age
20:46 Gold Mining
22:12 Gold Shaft Mining
21:57 Bow Saw
23:09 Heavy Plow
23:32 Loom
24:48 Gold Shaft Mining
24:16 Town Watch
25:08 Wheelbarrow
24:18 Loom
24:51 Town Watch
28:11 Castle Age
26:46 Stone Mining
27:02 Scale Mail Armor
27:13 Forging
27:33 Town Watch
27:43 Fletching
29:35 Town Watch
29:24 Pikeman
30:26 Loom
30:53 Squires
Connection lost

Rejoining the realm…

Still unreachable

The connection could not be restored.

Session expired

The server has moved on; the page needs a fresh start.